 Dungeon Crawl Stone Soup version 0.18.1-1-g2f07953 (webtiles) character file.

144 Eucla the Slasher (level 5, 0/37 HPs)
             Began as an Octopode Berserker on Oct 2, 2016.
             Was a Priest of Trog.
             Killed from afar by an orc wizard (4 damage)
             ... with a magic dart
             ... on level 3 of the Dungeon.
             The game lasted 00:01:46 (1819 turns).

Eucla the Slasher (Octopode Berserker)              Turns: 1819, Time: 00:01:47

Health: 0/37       AC:  1    Str: 18 (21) XL:     5   Next: 27%
Magic:  5/5        EV: 13    Int:  7 (10) God:    Trog [***...]
Gold:   100        SH:  0    Dex: 11 (12) Spells: 0 memorised, 4 levels left

rFire  . . .     SeeInvis .     a - +0 falchion
rCold  . . .     Gourm    .     (no shield)
rNeg   . . .     Faith    .     (helmet restricted)
rPois  .         Spirit   .     (no amulet)
rElec  .         Dismiss  .     (no ring)
rCorr  .         Reflect  .     (no ring)
SustAt .         Harm     .     (no ring)
MR     ++...                    (no ring)
Stlth  ++........               (no ring)
                                (no ring)
                                (no ring)
                                (no ring)

@: mighty, exhausted, very slightly contaminated, regenerating, hasted and
slowed, very resistant to hostile enchantments, unstealthy
A: almost no armour, amphibious, 8 rings, constrict 8, camouflage 1, gelatinous
body 1
a: Berserk, Trog's Hand, Burn Spellbooks, Renounce Religion


You were on level 3 of the Dungeon.
You worshipped Trog.
Trog was most pleased with you.
You were very hungry.

You visited 1 branch of the dungeon, and saw 3 of its levels.

You collected 100 gold pieces.

Inventory:

Hand Weapons
 a - a +0 falchion (weapon)
Jewellery
 o - a cursed ring of teleportation {unknown}
Wands
 m - a wand of paralysis (14/24)
Scrolls
 c - a scroll of noise {unknown}
 d - 2 scrolls of enchant armour {unknown}
 f - a scroll of random uselessness {unknown}
 n - 2 scrolls of teleportation {unknown}
 q - a scroll of recharging {unknown}
 r - a scroll of magic mapping {unknown}
Potions
 e - a potion of ambrosia {unknown}
 g - a potion of flight {unknown}
Comestibles
 b - 3 bread rations
 h - 3 meat rations
 k - 3 fruits


   Skills:
 + Level 3.8 Fighting
 * Level 4.5 Long Blades
 + Level 3.9 Dodging


You had 4 spell levels left.
You didn't know any spells.

Dungeon Overview and Level Annotations

Branches:
Dungeon (3/15)

Altars:


Innate Abilities, Weirdness & Mutations

You cannot wear most types of armour.
You are amphibious.
You can wear up to eight rings at the same time.
You can use your tentacles to constrict eight enemies at once.
Your skin changes colour to match your surroundings (Stealth).
Your rubbery body absorbs attacks (AC +1).


Message History

The orc wizard blinks!
Something hits you.
* * * LOW HITPOINT WARNING * * *
Unknown command.
You miss something. Something hits you.
* * * LOW HITPOINT WARNING * * *
Unknown command.
You miss something.
The orc wizard gestures at you while chanting.
The magic dart hits something.
Something hits you.
* * * LOW HITPOINT WARNING * * *
Unknown command.
You slash something! Trog accepts your kill.
Trog appreciates your killing of a magic user.
Reactivating autopickup.
You feel a bit more experienced.
The orc wizard is no longer moving quickly.
The orc wizard points at you and mumbles some strange words.
The magic dart hits you!
You die...

.....<... #.####
.......# #.#
....... #.# .....
#.# .... #.# #o>
#.# #)# #.# #)# #.#
#@# #.### #)# #...#
#.# #####.#
#######'## #.....#
#........# #.#####
#........# #.#
#........########.#
#........'........#
#.)...(..##########


You could see an orc wizard.

Vanquished Creatures
  An orc wizard (D:3)
  4 gnolls (D:3)
  4 adders (D:2)
  An ooze (D:2)
  2 worms (D:2)
  A dart slug (D:2)
  A giant gecko (D:1)
  2 orcs (D:3)
  9 bats
  4 giant cockroaches (D:1)
  6 hobgoblins
  3 jackals (D:2)
  3 kobolds
  2 quokkas
  A giant newt (D:1)
  3 goblins
  8 rats
55 creatures vanquished.

Notes
Turn   | Place    | Note
--------------------------------------------------------------
     0 | D:1      | Eucla the Octopode Berserker began the quest for the Orb.
     0 | D:1      | Reached XP level 1. HP: 16/16 MP: 1/1
    63 | D:1      | Reached XP level 2. HP: 13/21 MP: 2/2
   326 | D:1      | Reached ** piety under Trog
   415 | D:1      | Reached XP level 3. HP: 25/26 MP: 3/3
   877 | D:2      | Reached XP level 4. HP: 16/31 MP: 4/4
  1239 | D:2      | Reached skill level 4 in Long Blades
  1783 | D:3      | Reached *** piety under Trog
  1792 | D:3      | Reached XP level 5. HP: 37/37 MP: 5/5
  1819 | D:3      | Killed from afar by an orc wizard

Skill      XL: |  1  2  3  4 |
---------------+-------------+-----
Long Blades    | 4 |  4.5
Fighting       | |  3.8
Dodging        | |  3.9

Action                   |  1- 3 |  4- 6 || total
-------------------------+-------+-------++-------
Melee: Falchion          |    72 |    47 ||   119
       Constrict         |    19 |    14 ||    33
       Tentacles         |    11 |    10 ||    21
Invok: Berserk           |       |     1 ||     1
       Trog's Hand       |       |     1 ||     1
  Use: Potion            |       |     4 ||     4
 Stab: Sleeping          |     5 |     3 ||     8
  Eat: Chunk             |       |     3 ||     3
Armor: Skin              |     5 |     7 ||    12
Dodge: Dodged            |    45 |    24 ||    69
